 Dungeon Crawl Stone Soup version 0.26-a0-980-g0fe3eaa9ac (webtiles) character file.

Game seed: 4896700731660182147

2791 pablito the Insei (level 9, -4/53 HPs)
             Began as an Octopode Transmuter on Dec 6, 2020.
             Was a Follower of Wu Jian.
             Slain by a killer bee (7 damage)
             ... on level 8 of the Dungeon.
             The game lasted 00:27:22 (10089 turns).

pablito the Insei (Octopode Transmuter)            Turns: 10089, Time: 00:27:22

Health: -4/53      AC:  1    Str: 10    XL:     9   Next: 71%
Magic:  12/12      EV: 27    Int: 15    God:    Wu Jian [*.....]
Gold:   300        SH:  0    Dex: 15    Spells: 9/12 levels left

rFire    . . .     SeeInvis .     - Unarmed
rCold    + . .     Faith    .   a - +1 kite shield
rNeg     + . .     Spirit   .   (helmet currently unavailable)
rPois    .         Reflect  .   z - amulet of the acrobat
rElec    .         Harm     .   b - ring of resist corrosion
rCorr    +         Rampage  .   j - ring of positive energy
MR       .....                  v - ring of protection from cold
Stlth    ++........             (no ring)
HPRegen  0.17/turn              (no ring)
MPRegen  0.13/turn              (no ring)
                                (no ring)
                                (no ring)

@: confused, lethally poisoned (-4 -> -24), appendages, acrobat
A: almost no armour, stealthy swim, amphibious, 8 rings, constrict 8, tentacle
spike 3, camouflage 1, gelatinous body 1
a: End Transformation, Renounce Religion


You were on level 8 of the Dungeon.
You worshipped Wu Jian.
Wu Jian was aware of your devotion.
One of your tentacles had a temporary spike.
You visited 2 branches of the dungeon, and saw 9 of its levels.

You collected 300 gold pieces.

Inventory:

Missiles
 g - 16 boomerangs (quivered)
Armour
 a - a +1 kite shield (worn)
 q - a +0 buckler
Jewellery
 b - a ring of resist corrosion (left tentacle)
 j - a ring of positive energy (right tentacle)
 v - a ring of protection from cold (on tentacle)
 z - an amulet of the acrobat (around mantle)
Wands
 l - a wand of random effects (18)
 r - a wand of paralysis (6)
 y - a wand of acid (1)
Scrolls
 c - a scroll of fog
 f - 3 scrolls of fear
 h - 4 scrolls of identify
 n - 4 scrolls of magic mapping
 p - 2 scrolls of remove curse
 u - 2 scrolls of enchant weapon
 x - 2 scrolls of amnesia
 B - 2 scrolls of acquirement {unknown}
Potions
 d - 3 potions of haste
 e - a potion of berserk rage {unknown}
 k - 2 potions of brilliance {unknown}
 m - a potion of flight {unknown}
 o - a potion of mutation {unknown}
 s - 2 potions of degeneration {unknown}
 t - 2 potions of ambrosia
 w - a potion of resistance {unknown}


   Skills:
 - Level 1.0 Fighting
 - Level 2.0 Dodging
 - Level 6.0 Stealth
 + Level 6.9 Shields
 + Level 7.8 Unarmed Combat
 - Level 2.0 Spellcasting
 + Level 7.3 Transmutations


You had 9 spell levels left.
You knew the following spells:

 Your Spells              Type           Power        Failure   Level
a - Beastly Appendage     Tmut           ###...       3%          1
b - Wereblood             Tmut           ###.....     4%          2

Your spell library contained the following spells:

 Spells                   Type           Power        Failure   Level
 Spider Form              Tmut/Pois      ##........   38%         3
 Blade Hands              Tmut           ###.......   63%         5
 Ice Form                 Ice/Tmut       ##......     80%         4
 Petrify                  Tmut/Erth      ##......     80%         4
 Confusing Touch          Hex            #.......     88%         3
 Gell's Gravitas          Tloc           #.........   88%         3
 Yara's Violent Unravell  Hex/Tmut       ##........   98%         5
 Metabolic Englaciation   Hex/Ice        #.........   100%        5


Dungeon Overview and Level Annotations

Branches:
Dungeon (8/15)             Temple (1/1) D:5
   Lair: D:8-11

Altars:
Ashenzari
Cheibriados
Dithmenos
Elyvilon
Fedhas
Gozag
Kikubaaqudgha
Makhleb
Nemelex Xobeh
Okawaru
Qazlal
Ru
Sif Muna
Trog
Uskayaw
Vehumet
Wu Jian
Xom
Yredelemnul
Zin
The Shining One


Innate Abilities, Weirdness & Mutations

You cannot wear most types of armour.
You are very stealthy in the water. (Stealth+)
You are amphibious.
You can wear up to eight rings at the same time.
You can use your tentacles to constrict eight enemies at once.
Your skin changes colour to match your surroundings (Stealth+).
Your rubbery body absorbs attacks. (AC +1, EV +1)
One of your tentacles bears a large vicious spike.


Message History

You are more poisoned.
The killer bee poisons you!
You barely miss the killer bee. Your grab misses the killer bee.
The killer bee is heavily wounded.
You feel sick. You block the killer bee's attack. The killer bee stings you!
You are more poisoned.
The killer bee poisons you!
* * * LOW HITPOINT WARNING * * *
You feel very sick.
You are confused.
You feel invigorated.
* * * LOW HITPOINT WARNING * * *
You feel sick. The killer bee barely misses you.
The killer bee closely misses you. The killer bee stings you.
* * * LOW HITPOINT WARNING * * *
* * * LOW HITPOINT WARNING * * *
You feel sick. The killer bee barely misses you. The killer bee stings you!
* * * LOW HITPOINT WARNING * * *
The killer bee stings you!
You die...

####.....#
######### #.
#####.# #.# ######
#.# .....# #.#
.....##
####.###......#
#.............#
#.##.##...(....
##.##@##.####..#
#..hyy##.#
#..#####.#
####..#####.####
#.......yy.....#
#.##.##.##h##......
# #. #.##.# ..####
#. ...... .#
####.##.## .#


You could see a howler monkey and 2 killer bees.

Vanquished Creatures
  Sigmund (D:2)
  Eustachio (D:4)
  A black bear (D:7)
  An ice beast (D:5)
  A phantom (D:7)
  An ogre (D:4)
  2 centaurs (D:6)
  Blork the orc (D:5)
  6 bullfrogs
  3 scorpions
  3 killer bees (D:8)
  7 wights (D:8)
  3 howler monkeys (D:7)
  A bullfrog zombie (D:5)
  8 hounds
  2 orc priests
  Crazy Yiuf (D:3)
  3 orc wizards
  3 iguanas
  Jessica (D:2)
  Ijyb (D:4)
  Natasha (D:4)
  A worker ant (D:6)
  A mummy (D:6)
  Robin (D:3)
  7 adders
  A howler monkey skeleton (D:4)
  A shadow imp (D:7)
  A white imp (D:5)
  An ufetubus (D:5)
  3 worms
  A dart slug (D:2)
  7 leopard geckos
  13 orcs
  5 bats
  5 giant cockroaches
  14 goblins
  13 hobgoblins
  6 jackals
  4 kobolds
  2 quokkas
  A ball python (D:6)
  4 frilled lizards
  A quokka skeleton (D:6)
  3 rats
148 creatures vanquished.

Notes
Turn   | Place    | Note
-------+----------+-------------------------------------------
     0 | D:1      | pablito the Octopode Transmuter began the quest for the
                  | Orb.
     0 | D:1      | Reached XP level 1. HP: 13/13 MP: 3/3
   280 | D:1      | Reached skill level 1 in Stealth
   280 | D:1      | Reached XP level 2. HP: 15/18 MP: 1/5
   816 | D:1      | Reached skill level 1 in Shields
   916 | D:1      | Reached XP level 3. HP: 23/23 MP: 4/6
  1463 | D:2      | Reached XP level 4. HP: 17/28 MP: 7/7
  1680 | D:2      | Found a burning altar of Makhleb.
  1683 | D:2      | Noticed Sigmund
  1735 | D:2      | Killed Sigmund
  1736 | D:2      | Reached XP level 5. HP: 27/33 MP: 5/8
  1940 | D:2      | Noticed Jessica
  1949 | D:2      | Killed Jessica
  1950 | D:2      | Reached XP level 6. HP: 38/38 MP: 6/9
  2508 | D:3      | Found a hide-covered altar of Uskayaw.
  2896 | D:3      | Found a runed translucent door.
  2897 | D:3      | Noticed Crazy Yiuf
  3141 | D:3      | Noticed Robin
  3173 | D:3      | Killed Robin
  3543 | D:3      | Killed Crazy Yiuf
  4157 | D:4      | Reached XP level 7. HP: 36/43 MP: 8/10
  4214 | D:4      | Noticed Ijyb
  4223 | D:4      | Killed Ijyb
  4274 | D:4      | Learned a level 2 spell: Wereblood
  4298 | D:4      | Found a stormy altar of Qazlal.
  4325 | D:4      | Reached skill level 5 in Stealth
  4665 | D:4      | Noticed Natasha
  4674 | D:4      | Killed Natasha
  5067 | D:4      | Noticed Eustachio
  5134 | D:4      | Killed Eustachio
  5135 | D:4      | Reached skill level 5 in Unarmed Combat
  5394 | D:5      | Entered Level 5 of the Dungeon
  5798 | D:5      | Reached XP level 8. HP: 36/48 MP: 9/11
  6063 | D:5      | Found a staircase to the Ecumenical Temple.
  6069 | D:5      | Reached skill level 5 in Transmutations
  6210 | Temple   | Entered the Ecumenical Temple
  6287 | Temple   | Became a worshipper of the Wu Jian Council
  6394 | D:5      | Noticed Blork the orc
  6404 | D:5      | Killed Blork the orc
  6853 | D:6      | Reached skill level 5 in Shields
  7036 | D:6      | HP: 2/48 [acid (5)]
  8513 | D:6      | Found a snail-covered altar of Cheibriados.
  9001 | D:7      | Reached XP level 9. HP: 44/53 MP: 10/12
  9146 | D:7      | Reached * piety under Wu Jian
  9759 | D:7      | Found a sacrificial altar of Ru.
  9770 | D:7      | Found a white marble altar of Elyvilon.
  9797 | D:7      | Found a blossoming altar of Fedhas.
 10089 | D:8      | HP: 3/53 [killer bee (7)]
 10089 | D:8      | Slain by a killer bee

Illustrated notes

Levels and vault maps discovered:
D:1:      dpeg_arrival_three_smaller_balls, layout_rooms, serial_glass,
          glass_columns_a, glass_columns_b, glass_columns_a, glass_columns_a,
          glass_columns_a, glass_columns_b, glass_columns_b, glass_columns_a
D:2:      layout_basic, bloody_makhleb, uniq_jessica, uniq_sigmund
D:3:      layout_loops_ring, lemuel_crystal_altar, uniq_robin,
          uniq_crazy_yiuf_cottage
D:4:      layout_basic, grunt_qazlal_clouds, minmay_box_of_dots, uniq_natasha,
          uniq_eustachio, uniq_ijyb
D:5:      layout_layer_cave, minmay_temple_entry_junction, uniq_blork_the_orc
D:6:      layout_layer_cave, slow_altar_1, hangedman_decor_clover_reticule,
          minivault_1
D:7:      layout_cave_pools, kennysheep_mini, minitemple
D:8:      layout_loops_cross
Temple:   nicolae_temple_great_sept

Skill      XL: |  1  2  3  4  5  6  7  8  9 |
---------------+----------------------------+-----
Stealth        | 1 2 3 4 6 |  6.0
Shields        | 1 2 3 4 5 6 |  6.9
Unarmed Combat | 4 5 6 7 |  7.8
Transmutations | 3 4 6 7 |  7.3
Fighting       | |  1.0
Dodging        | |  2.0
Spellcasting   | |  2.0

Action                   |  1- 3 |  4- 6 |  7- 9 || total
-------------------------+-------+-------+-------++-------
Melee: Unarmed           |    86 |   107 |   244 ||   437
       Constrict         |    28 |    26 |    61 ||   115
       Kick              |    13 |    24 |    66 ||   103
       Tentacles         |    10 |    20 |    61 ||    91
       Punch             |     3 |     1 |    13 ||    17
Throw: Boomerang         |     5 |    17 |     8 ||    30
       Throwing net      |       |     1 |       ||     1
 Cast: Beastly Appendage |     8 |    18 |    43 ||    69
Invok: Lunge             |       |       |    22 ||    22
       Whirlwind         |       |       |     6 ||     6
  Use: Potion            |     2 |     1 |     7 ||    10
       Scroll            |       |    11 |     2 ||    13
 Stab: Sleeping          |     2 |     5 |    22 ||    29
Armor: Skin              |     7 |     3 |     3 ||    13
Dodge: Dodged            |    36 |    35 |    77 ||   148
Block: Kite shield       |    31 |    34 |   112 ||   177

Table legend: (Time is in decaauts)
 A = Elapsed time spent in this place.
 B = Non-inter-level travel time spent in this place.
 C = Inter-level travel time spent in this place.
 D = Time resting spent in this place.
 E = Time spent auto-exploring this place.
 F = Levels seen in this place.
 G = Mean time per level.
                   A        B        C        D        E       F      G
               +--------+--------+--------+--------+--------+-----+--------+
         Total |  10092 |   9895 |    197 |   1153 |   7302 |   9 | 1121.3 |
       Dungeon |   9980 |   9796 |    184 |   1153 |   7237 |   8 | 1247.5 |
        Temple |    111 |     98 |     13 |      0 |     65 |   1 |  111.0 |
               +--------+--------+--------+--------+--------+-----+--------+

Top non-repeatable levels by time:
     D:4: 1885 daAuts
     D:6: 1840 daAuts
     D:3: 1424 daAuts
     D:5: 1423 daAuts
     D:2: 1223 daAuts
     D:1: 1094 daAuts
     D:7: 913 daAuts
     D:8: 175 daAuts
  Temple: 111 daAuts
